| TOP OF THE 1ST |
|
Canton Indians batting - Pitching for Southern Maryland Blue Crabs : RHP Craig Painter
|
|
Pitching: RHP Craig Painter
|
|
|
Batting: RHB George Wagner
|
0-0: Swinging Strike 0-1: Bunt missed! 0-2: Foul Ball, location: 2F 0-2: Ball 1-2: Ball 2-2: SINGLE (Groundball, 34D, EV 102.5 MPH)
|
|
Batting: RHB Josh Patterson
|
0-0: Called Strike 0-1: Ball 1-1: Foul Ball, location: 2F 1-2: Fly out, F8 (Line Drive, 8RM, EV 99.4 MPH)
|
|
Batting: RHB Jose Rodriguez
|
0-0: Ball 1-0: Called Strike 1-1: Ball 2-1: Ball 3-1: Grounds into double play, 6-4-3 (Groundball, 6, EV 101.9 MPH)
|
| Top of the 1st over - 0 runs, 1 hit, 0 errors, 0 left on base; Canton 0 - Southern Maryland 0 |
| BOTTOM OF THE 1ST |
|
Southern Maryland Blue Crabs batting - Pitching for Canton Indians : LHP Eduardo Alvarez
|
|
Pitching: LHP Eduardo Alvarez
|
|
|
Batting: RHB Kevin Popowicz
|
0-0: Foul Ball, location: 2F 0-1: Ball 1-1: Ball 2-1: Foul Ball, location: 2F 2-2: Fly out, F7 (Flyball, 7, EV 89.4 MPH)
|
|
Batting: LHB Pat Fontana
|
0-0: Ball 1-0: Swinging Strike 1-1: Foul Ball, location: 2F 1-2: Ball 2-2: Strikes out swinging
|
|
Batting: RHB Jonathan Mendoza
|
0-0: Called Strike 0-1: Foul Ball, location: 2F 0-2: Strikes out swinging
|
| Bottom of the 1st over - 0 runs, 0 hits, 0 errors, 0 left on base; Canton 0 - Southern Maryland 0 |
| TOP OF THE 2ND |
|
Canton Indians batting - Pitching for Southern Maryland Blue Crabs : RHP Craig Painter
|
|
Batting: RHB Leo Villa
|
0-0: Called Strike 0-1: Foul Ball, location: 2F 0-2: Strikes out swinging
|
|
Batting: RHB Gary Ming
|
0-0: Ball 1-0: Ball 2-0: Called Strike 2-1: Foul Ball, location: 2F 2-2: Ball 3-2: Fly out, F7 (Flyball, 7, EV 86.9 MPH)
|
|
Batting: RHB Charles Blatchford
|
0-0: Foul Ball, location: 2F 0-1: Called Strike 0-2: Strikes out swinging
|
| Top of the 2nd over - 0 runs, 0 hits, 0 errors, 0 left on base; Canton 0 - Southern Maryland 0 |
| BOTTOM OF THE 2ND |
|
Southern Maryland Blue Crabs batting - Pitching for Canton Indians : LHP Eduardo Alvarez
|
|
Pitching: LHP Jim Longley
|
|
|
Batting: RHB Maup Gommers
|
0-0: Ball 1-0: Foul Ball, location: 2F 1-1: SINGLE (Line Drive, 4D, EV 105.6 MPH)
|
|
Batting: RHB Simon Van Steenwyk
|
0-0: Called Strike 0-1: Ball 1-1: Ball 2-1: Ball 3-1: Foul Ball, location: 2F 3-2: Base on Balls Maup Gommers to second
|
|
Batting: RHB Minoru Matsumoto
|
0-0: Ball 1-0: Swinging Strike 1-1: Swinging Strike 1-2: Strikes out swinging
|
|
Batting: RHB Ruben Domingues
|
0-0: Fly out, F4 (Popup, 23, EV 77.5 MPH)
|
|
Pinch Hitting: LHB Xue-liang Zhou
|
0-0: Called Strike 0-1: Ball 1-1: Ball 2-1: Swinging Strike 2-2: Fly out, F5 (Popup, 56S, EV 88.1 MPH)
|
| Bottom of the 2nd over - 0 runs, 1 hit, 0 errors, 2 left on base; Canton 0 - Southern Maryland 0 |
| TOP OF THE 3RD |
|
Canton Indians batting - Pitching for Southern Maryland Blue Crabs : RHP Craig Painter
|
|
Now at SS: Eddie Morin
|
|
|
Batting: RHB Ruben Irizarry
|
0-0: Ground out 5-3 (Groundball, 5, EV 83.1 MPH)
|
|
Batting: LHB Dorian Oram
|
0-0: Ball 1-0: Ball 2-0: Called Strike 2-1: Foul Ball, location: 2F 2-2: SINGLE (Groundball, 56, EV 101.2 MPH)
|
|
Batting: RHB Aubrey Regimbald
|
0-0: Ball 1-0: Ball 2-0: Swinging Strike 2-1: SINGLE (Groundball, 3D, EV 99.4 MPH) Dorian Oram to second Runner from 2nd tries for 3rd, OUT! 9-5
|
|
Batting: RHB George Wagner
|
0-0: Called Strike 0-1: Called Strike Aubrey Regimbald is caught stealing 2nd base 2-4
|
| Top of the 3rd over - 0 runs, 2 hits, 0 errors, 0 left on base; Canton 0 - Southern Maryland 0 |
| BOTTOM OF THE 3RD |
|
Southern Maryland Blue Crabs batting - Pitching for Canton Indians : LHP Jim Longley
|
|
Batting: RHB Han Caspers
|
0-0: Called Strike 0-1: Called Strike 0-2: Ball 1-2: Strikes out looking
|
|
Batting: RHB Kevin Popowicz
|
0-0: Foul Ball, location: 2F 0-1: Ball 1-1: Foul Ball, location: 2F 1-2: Foul Ball, location: 2F 1-2: Ball 2-2: DOUBLE (Line Drive, 7LM, EV 101.9 MPH)
|
|
Batting: LHB Pat Fontana
|
0-0: Swinging Strike 0-1: Called Strike 0-2: Ball 1-2: Foul Ball, location: 2F 1-2: Strikes out swinging
|
|
Batting: RHB Jonathan Mendoza
|
0-0: Swinging Strike 0-1: DOUBLE (Line Drive, 5D, EV 103.8 MPH) Kevin Popowicz scores
|
|
Batting: RHB Maup Gommers
|
0-0: Ground out 5-3 (Groundball, 56S, EV 81.9 MPH)
|
| Bottom of the 3rd over - 1 run, 2 hits, 0 errors, 1 left on base; Canton 0 - Southern Maryland 1 |
| TOP OF THE 4TH |
|
Canton Indians batting - Pitching for Southern Maryland Blue Crabs : RHP Craig Painter
|
|
Batting: RHB George Wagner
|
0-0: SOLO HOME RUN (Line Drive, 7D, EV 100.0 MPH), Distance : 409 ft
|
|
Batting: RHB Josh Patterson
|
0-0: Ball 1-0: Swinging Strike 1-1: Ball 2-1: Ball 3-1: Foul Ball, location: 2F 3-2: Ground out 6-3 (Groundball, 6S, EV 87.5 MPH)
|
|
Batting: RHB Jose Rodriguez
|
0-0: Called Strike 0-1: Fly out, F9 (Flyball, 9S, EV 88.1 MPH)
|
|
Batting: RHB Leo Villa
|
0-0: Called Strike 0-1: Swinging Strike 0-2: Ball 1-2: Ball 2-2: SINGLE (Line Drive, 9LS, EV 101.9 MPH)
|
|
Batting: RHB Gary Ming
|
0-0: Ball 1-0: Ball 2-0: Ball 3-0: Base on Balls Leo Villa to second
|
|
Batting: RHB Charles Blatchford
|
0-0: Foul Ball, location: 2F 0-1: Ball 1-1: Ball 2-1: Called Strike 2-2: Strikes out swinging
|
| Top of the 4th over - 1 run, 2 hits, 0 errors, 2 left on base; Canton 1 - Southern Maryland 1 |
| BOTTOM OF THE 4TH |
|
Southern Maryland Blue Crabs batting - Pitching for Canton Indians : LHP Jim Longley
|
|
Batting: RHB Simon Van Steenwyk
|
0-0: Ground out 3-1 (Groundball, 34, EV 105.6 MPH)
|
|
Batting: RHB Minoru Matsumoto
|
0-0: Called Strike 0-1: Fly out, F9 (Flyball, 9D, EV 101.2 MPH)
|
|
Batting: RHB Ruben Domingues
|
0-0: Foul Ball, location: 2F 0-1: Ball 1-1: Called Strike 1-2: Foul Ball, location: 2F 1-2: Ball 2-2: Fly out, F8 (Flyball, 8RD, EV 90.6 MPH)
|
| Bottom of the 4th over - 0 runs, 0 hits, 0 errors, 0 left on base; Canton 1 - Southern Maryland 1 |
| TOP OF THE 5TH |
|
Canton Indians batting - Pitching for Southern Maryland Blue Crabs : RHP Craig Painter
|
|
Batting: RHB Ruben Irizarry
|
0-0: Ball 1-0: Ball 2-0: Ball 3-0: Called Strike 3-1: Base on Balls
|
|
Batting: LHB Dorian Oram
|
Pickoff Throw to First - Out! 1-3 CS 0-0: Swinging Strike 0-1: Swinging Strike 0-2: Ball 1-2: Ball 2-2: Strikes out swinging
|
|
Batting: RHB Aubrey Regimbald
|
0-0: Called Strike 0-1: Swinging Strike 0-2: Ball 1-2: Ball 2-2: Foul Ball, location: 2F 2-2: Strikes out looking
|
| Top of the 5th over - 0 runs, 0 hits, 0 errors, 0 left on base; Canton 1 - Southern Maryland 1 |
| BOTTOM OF THE 5TH |
|
Southern Maryland Blue Crabs batting - Pitching for Canton Indians : LHP Jim Longley
|
|
Batting: RHB Eddie Morin
|
0-0: Ball 1-0: Ball 2-0: Ball 3-0: Called Strike 3-1: Foul Ball, location: 2F 3-2: Strikes out swinging
|
|
Batting: RHB Han Caspers
|
0-0: Bunt missed! 0-1: Ball 1-1: Ball 2-1: Called Strike 2-2: Strikes out swinging
|
|
Batting: RHB Kevin Popowicz
|
0-0: Ball 1-0: Fly out, F8 (Flyball, 8RM, EV 91.2 MPH)
|
| Bottom of the 5th over - 0 runs, 0 hits, 0 errors, 0 left on base; Canton 1 - Southern Maryland 1 |
| TOP OF THE 6TH |
|
Canton Indians batting - Pitching for Southern Maryland Blue Crabs : RHP Craig Painter
|
|
Batting: RHB George Wagner
|
0-0: Called Strike 0-1: Ball 1-1: Foul Ball, location: 2F 1-2: Strikes out swinging
|
|
Batting: RHB Josh Patterson
|
0-0: Fly out, F9 (Flyball, 9LM, EV 91.9 MPH)
|
|
Batting: RHB Jose Rodriguez
|
0-0: Fly out, F8 (Flyball, 8RM, EV 87.5 MPH)
|
| Top of the 6th over - 0 runs, 0 hits, 0 errors, 0 left on base; Canton 1 - Southern Maryland 1 |
| BOTTOM OF THE 6TH |
|
Southern Maryland Blue Crabs batting - Pitching for Canton Indians : LHP Jim Longley
|
|
Batting: LHB Pat Fontana
|
0-0: Ball 1-0: Ground out U3 (Groundball, 3L, EV 101.2 MPH)
|
|
Batting: RHB Jonathan Mendoza
|
0-0: Ball 1-0: Foul Ball, location: 2F 1-1: Ball 2-1: Foul Ball, location: 2F 2-2: Ball 3-2: SOLO HOME RUN (Flyball, 7LD, EV 95.0 MPH), Distance : 345 ft
|
|
Batting: RHB Maup Gommers
|
0-0: Ball 1-0: Foul Ball, location: 2F 1-1: Foul Ball, location: 2F 1-2: Foul Ball, location: 2F 1-2: Foul Ball, location: 2F 1-2: Ball 2-2: Foul Ball, location: 2F 2-2: Fly out, F8 (Flyball, 8RXD, EV 109.4 MPH)
|
|
Pitching: RHP Yann Jarry
|
|
|
Batting: RHB Simon Van Steenwyk
|
0-0: Ball 1-0: Foul Ball, location: 2F 1-1: Foul Ball, location: 2F 1-2: Single, Error in OF, E7, batter to second base (Groundball, 56D, EV 94.4 MPH)
|
|
Batting: RHB Minoru Matsumoto
|
0-0: Ball 1-0: Swinging Strike 1-1: Called Strike 1-2: TRIPLE (Flyball, 78XD, EV 88.8 MPH) Simon Van Steenwyk scores
|
|
Batting: RHB Ruben Domingues
|
0-0: Fly out, F7 (Flyball, 7, EV 90.0 MPH)
|
| Bottom of the 6th over - 2 runs, 3 hits, 1 error, 1 left on base; Canton 1 - Southern Maryland 3 |
| TOP OF THE 7TH |
|
Canton Indians batting - Pitching for Southern Maryland Blue Crabs : RHP Craig Painter
|
|
Batting: RHB Leo Villa
|
0-0: Called Strike 0-1: Fly out, F8 (Flyball, 8RM, EV 89.4 MPH)
|
|
Batting: RHB Gary Ming
|
0-0: Ball 1-0: Ground out 5-3 (Groundball, 56S, EV 68.8 MPH)
|
|
Batting: RHB Charles Blatchford
|
0-0: Called Strike 0-1: SINGLE (Groundball, 6M, EV 105.6 MPH)
|
|
Pitching: RHP Justin Swanson
|
|
|
Batting: RHB Ruben Irizarry
|
0-0: Ball 1-0: Ball 2-0: Ball 3-0: Called Strike 3-1: Fly out, F7 (Flyball, 7, EV 80.0 MPH)
|
| Top of the 7th over - 0 runs, 1 hit, 0 errors, 1 left on base; Canton 1 - Southern Maryland 3 |
| BOTTOM OF THE 7TH |
|
Southern Maryland Blue Crabs batting - Pitching for Canton Indians : RHP Yann Jarry
|
|
Batting: RHB Eddie Morin
|
0-0: SINGLE (Line Drive, 34D, EV 103.8 MPH)
|
|
Batting: RHB Han Caspers
|
0-0: Bunted foul 0-1: Sac Bunt to 2L - play at first, batter OUT! 2-3 Eddie Morin to second
|
|
Batting: RHB Kevin Popowicz
|
0-0: SINGLE (Flyball, 78S, EV 85.6 MPH) Eddie Morin to third Runner from 3rd tries for Home, throw by LF and OUT! 7-2
|
|
Batting: LHB Pat Fontana
|
0-0: Called Strike 0-1: Fly out, F7 (Line Drive, 78M, EV 99.4 MPH)
|
| Bottom of the 7th over - 0 runs, 2 hits, 0 errors, 1 left on base; Canton 1 - Southern Maryland 3 |
| TOP OF THE 8TH |
|
Canton Indians batting - Pitching for Southern Maryland Blue Crabs : RHP Justin Swanson
|
|
Batting: LHB Dorian Oram
|
0-0: Reached on error, E6 (Groundball, 6M, EV 100.0 MPH)
|
|
Pinch Hitting: RHB Quan Tai
|
0-0: Called Strike 0-1: Foul Ball, location: 2F 0-2: Strikes out swinging
|
|
Batting: RHB George Wagner
|
0-0: Called Strike 0-1: Foul Ball, location: 2F 0-2: Foul Ball, location: 2F 0-2: Strikes out looking
|
|
Batting: RHB Josh Patterson
|
0-0: Swinging Strike 0-1: Ball 1-1: Fly out, F8 (Line Drive, 8LD, EV 89.4 MPH)
|
| Top of the 8th over - 0 runs, 0 hits, 1 error, 1 left on base; Canton 1 - Southern Maryland 3 |
| BOTTOM OF THE 8TH |
|
Southern Maryland Blue Crabs batting - Pitching for Canton Indians : RHP Yann Jarry
|
|
Now in LF: Quan Tai
|
|
|
Batting: RHB Jonathan Mendoza
|
0-0: Called Strike 0-1: Called Strike 0-2: Ball 1-2: Ball 2-2: Foul Ball, location: 2F 2-2: Ball 3-2: Strikes out looking
|
|
Batting: RHB Maup Gommers
|
0-0: Ball 1-0: Called Strike 1-1: Called Strike 1-2: Reached on error, E5 (Groundball, 5, EV 103.1 MPH)
|
|
Batting: RHB Simon Van Steenwyk
|
0-0: Ball 1-0: Ball 2-0: Foul Ball, location: 2F 2-1: Ball 3-1: SINGLE (Line Drive, 56D, EV 102.5 MPH) Maup Gommers to second
|
|
Batting: RHB Minoru Matsumoto
|
0-0: Foul Ball, location: 2F 0-1: Reached on error, E5 (Groundball, 5L, EV 81.9 MPH) Maup Gommers scores Simon Van Steenwyk to third
|
|
Batting: RHB Ruben Domingues
|
0-0: Foul Ball, location: 2F 0-1: Foul Ball, location: 2F 0-2: Ball 1-2: Foul Ball, location: 2F 1-2: Ball 2-2: Ball 3-2: Strikes out swinging
|
|
Batting: RHB Eddie Morin
|
0-0: Ball 1-0: Foul Ball, location: 2F 1-1: Ball 2-1: Swinging Strike 2-2: Foul Ball, location: 2F 2-2: Foul Ball, location: 2F 2-2: TRIPLE (Line Drive, 8RXD, EV 110.0 MPH) Simon Van Steenwyk scores Minoru Matsumoto scores
|
|
Pitching: RHP Kenny Samuels
|
|
|
Batting: RHB Han Caspers
|
0-0: Called Strike 0-1: Foul Ball, location: 2F 0-2: Ball 1-2: Ball 2-2: Strikes out swinging
|
| Bottom of the 8th over - 3 runs, 2 hits, 2 errors, 1 left on base; Canton 1 - Southern Maryland 6 |
| TOP OF THE 9TH |
|
Canton Indians batting - Pitching for Southern Maryland Blue Crabs : RHP Justin Swanson
|
|
Batting: RHB Jose Rodriguez
|
0-0: Ball 1-0: Called Strike 1-1: TRIPLE (Flyball, 89XD, EV 95.6 MPH)
|
|
Batting: RHB Leo Villa
|
0-0: Ball 1-0: Ground out 6-3 (Groundball, 56D, EV 100.0 MPH) Jose Rodriguez scores
|
|
Batting: RHB Gary Ming
|
0-0: Ball 1-0: Ball 2-0: Called Strike 2-1: Ball 3-1: Fly out, F9 (Flyball, 9D, EV 83.1 MPH)
|
|
Batting: RHB Charles Blatchford
|
0-0: Ball 1-0: Ball 2-0: Ball 3-0: Base on Balls
|
|
Batting: RHB Ruben Irizarry
|
0-0: Ball 1-0: Ball 2-0: Ball 3-0: Called Strike 3-1: Foul Ball, location: 2F 3-2: Foul Ball, location: 2F 3-2: Foul Ball, location: 2F 3-2: Ground out 4-3 (Groundball, 4, EV 83.8 MPH)
|
| Top of the 9th over - 1 run, 1 hit, 0 errors, 1 left on base; Canton 2 - Southern Maryland 6 |
|